 Dungeon Crawl Stone Soup version 0.30-a0-122-g2a1322497e (webtiles) character file.

Game seed: 8389267344278830549

1088 tentaculo the Trooper (level 8, -43/57 HPs)
             Began as an Octopode Monk on Sept 15, 2022.
             Was a Priest of Makhleb.
             Killed by an exploding howler monkey (55 damage)
             ... ignited by their inner flame
             ... on level 6 of the Dungeon.
             The game lasted 00:10:45 (4955 turns).

tentaculo the Trooper (Octopode Monk)               Turns: 4955, Time: 00:10:45

Health: -43/57     AC:  1    Str: 11    XL:     8   Next: 30%
Magic:  12/12      EV: 14    Int: 14    God:    Makhleb [***...]
Gold:   282        SH:  0    Dex: 20    Spells: 5/12 levels left

rFire   . . .      SeeInvis .    c - +2 rapier (venom)
rCold   . . .      Faith    +    (no shield)
rNeg    . . .      Spirit   .    (helmet restricted)
rPois   .          Reflect  .    j - amulet of faith
rElec   .          Harm     .    i - +6 ring of dexterity
rCorr   .          Rampage  .    x - ring of flight
Will    .....                    (no ring)
Stlth   +++.......               (no ring)
HPRegen 0.19/turn                (no ring)
MPRegen 0.13/turn                (no ring)
                                 (no ring)
                                 (no ring)

@: flying
A: almost no armour, amphibious, 8 rings, camouflage 1, gelatinous body 1,
(nimble swimmer 1), tentacles
a: Renounce Religion, Minor Destruction, Lesser Servant of Makhleb


You were on level 6 of the Dungeon.
You worshipped Makhleb.
Makhleb was most pleased with you.
You visited 1 branch of the dungeon, and saw 6 of its levels.

You collected 282 gold pieces.

Inventory:

Hand Weapons
 a - a +0 falchion
 c - a +2 rapier of venom (weapon)
 h - a +0 sling
 l - a +0 glaive
 t - a +0 dagger of flaming
 u - a +0 dagger of electrocution
 y - a +2 dagger of holy wrath
 B - a +2 flail of holy wrath
 C - a +1 hand axe of pain
 G - a +0 great sword
Missiles
 n - 11 atropa-tipped darts
 o - 28 stones (quivered)
 F - 6 poisoned darts
Armour
 m - a +0 buckler
Jewellery
 d - an amulet of magic regeneration
 i - a +6 ring of dexterity (left tentacle)
 j - an amulet of faith (around mantle)
 x - a ring of flight (right tentacle)
Scrolls
 p - 2 scrolls of immolation
 v - a scroll of torment {unknown}
 z - a scroll of vulnerability {unknown}
 A - a scroll of enchant armour
 E - a scroll of noise {unknown}
Potions
 b - a potion of ambrosia
 e - a potion of berserk rage
 f - 2 potions of lignification
 g - a potion of haste {@q4}
 k - a potion of curing {@q1}
 q - a potion of mutation
 w - a potion of degeneration
 D - a potion of flight {unknown}


   Skills:
 * Level 5.9 Fighting
 - Level 3.3(4.0) Short Blades
 - Level 3.2(3.9) Long Blades
 - Level 3.0 Dodging
 - Level 2.6 Stealth
 + Level 2.8 Spellcasting
 - Level 3.0 Conjurations
 - Level 3.0 Air Magic
 - Level 3.0 Poison Magic
 - Level 3.0 Invocations


You had 5 spell levels left.
You knew the following spells:

 Your Spells              Type           Power      Damage    Failure   Level
a - Mephitic Cloud        Conj/Pois/Air  10%        N/A       19%         3
b - Summon Small Mammal   Summ           4%         N/A       22%         1
c - Call Canine Familiar  Summ           1%         N/A       54%         3

Your spell library contained the following spells:

 Spells                   Type           Power      Damage    Failure   Level
 Magic Dart               Conj           40%        1d5       6%          1
 Call Imp                 Summ           1%         N/A       32%         2
 Summon Guardian Golem    Hex/Summ       1%         N/A       54%         3


Dungeon Overview and Level Annotations

Branches:
Dungeon (6/15)             Temple (0/1) D:6

Altars:
Ashenzari
Hepliaklqana
Makhleb
Sif Muna

Shops:
D:5 :   D:6 (

Annotations:
D:4 Edmund
D:6 Maggie


Innate Abilities, Weirdness & Mutations

You cannot wear most types of armour.
You are amphibious.
You can wear up to eight rings at the same time.
Your skin changes colour to match your surroundings (Stealth+).
Your rubbery body absorbs attacks. (AC +1, EV +1)
((You are camouflaged when in or above water. (Stealth+)))
You have tentacles for arms and can constrict up to eight enemies at once.


Message History

The orc misses you.
The orc warrior hits your neqoxec with a +0 hand axe!
Your neqoxec dies!
Your neqoxec disappears in a puff of smoke!
You hit the orc.
The orc is poisoned.
Your grab misses the orc. You constrict the orc. The orc misses you.
The orc barely misses you.
A demon appears!
It doesn't seem very happy.
You constrict the orc.
You kill the orc!
Makhleb accepts your kill. The orc misses you.
As you read the scroll labelled ITHIES ZOKU, it crumbles to dust.
The creatures around you are filled with an inner flame!
It was a scroll of immolation.
The howler monkey hits you. The orc barely misses you.
The air fills with toxic fumes!
As you read the scroll labelled OSIUXOESOOS, it crumbles to dust.
It was a scroll of poison.
The howler monkey hoots and howls with incredible vigour!
The orc hits you with a +0 flail. The smoke demon hits you.
The smoke demon barely misses you. The smoke demon hits you.
You hear an angry growl.
You hear a shout!
As you read the scroll labelled LAUCAO ASOLUDI, it crumbles to dust.
You feel aware of your surroundings.
It was a scroll of magic mapping.
Flame seeps out of the orc.
The howler monkey hits you!
The orc is engulfed in blazing flames.
Makhleb accepts your kill.
You feel better.
The orc explodes!
The fiery explosion engulfs the orc warrior!!
Makhleb accepts your kill.
The fiery explosion engulfs the howler monkey!!
Makhleb accepts your kill.
You feel better. The fiery explosion engulfs you!!
* * * LOW HITPOINT WARNING * * *
The howler monkey explodes!
The fiery explosion engulfs you!!!
Ouch! That really hurt!
You die...

,,,,,<,**,,......##...........#.<
,,***,,,,,,,...§§§§..............
,,,***,.,,.,,..§§§.....§........#
,,,,,,,..,..,*.§§§....§##......##
,**,,,,...,,.###§§...§§#[........
**,,,,,....,,.§§§#..§§###........
*,,,,,,..§..,*#§§#.§§..........#.
,,,,,,,..§§§§##○§#§###§§.......#.
,,,,>,,..§§§§§§§@3§8§8§8.........
,,,,,,,..§§§§§§##§§§§§§§.........
,,,,,,,..§§§§§.#.§§8§§§8.........
,,,,***##§§§§..##§§§§§§§.........
,,,,,* #§§§...##§§8§8§8.........
,,,,,***##§....##§§§§§§§.......##
,,,,,*,**##......§§§§§§§.....<..#
,,,,,,,*,#.....##§§§§§§§.........
**,,,,,,........#................


You could see a smoke demon (summoned, inner flame).

Vanquished Creatures
  Menkaure (D:6)
  An orc warrior (D:6)
  An ogre (D:6)
  A phantom (D:4)
  A necrophage (D:4)
  2 scorpions
  A jelly (D:5)
  4 howler monkeys
  An orc priest (D:3)
  2 hounds
  3 iguanas (D:5)
  4 orc wizards
  6 adders
  A worm (D:3)
  3 dart slugs
  13 orcs
  7 ball pythons
  An endoplasm (D:2)
  2 giant cockroaches
  6 goblins
  4 hobgoblins
  A quokka (D:5)
  A bat (D:2)
  3 kobolds
  3 rats
73 creatures vanquished.

Vanquished Creatures (collateral kills)
  An ice beast (D:6)
  2 orcs (D:6)
3 creatures vanquished.

Grand Total: 76 creatures vanquished

Notes
Turn   | Place    | Note
-------+----------+-------------------------------------------
     0 | D:1      | tentaculo the Octopode Monk began the quest for the Orb.
     0 | D:1      | Reached XP level 1. HP: 16/16 MP: 1/1
   281 | D:1      | Reached XP level 2. HP: 19/21 MP: 2/2
   328 | D:1      | Found a faded altar of an unknown god.
   374 | D:1      | Reached skill level 1 in Short Blades
   868 | D:2      | Found a burning altar of Makhleb.
   890 | D:2      | Became a worshipper of Makhleb the Destroyer
   890 | D:2      | Reached * piety under Makhleb
   890 | D:2      | Reached ** piety under Makhleb
  1370 | D:2      | Reached XP level 3. HP: 26/26 MP: 3/3
  1586 | D:3      | Reached skill level 1 in Invocations
  1924 | D:3      | Reached XP level 4. HP: 31/31 MP: 3/5
  2068 | D:3      | Reached XP level 5. HP: 26/36 MP: 6/6
  2183 | D:3      | Found a faded altar of an unknown god.
  2539 | D:3      | Learned a level 3 spell: Mephitic Cloud
  2541 | D:3      | Learned a level 1 spell: Summon Small Mammal
  2620 | D:4      | Found a broken altar of Ashenzari.
  2634 | D:4      | Reached skill level 1 in Poison Magic
  2892 | D:4      | Noticed Edmund
  2922 | D:4      | Reached skill level 1 in Conjurations
  2994 | D:4      | Noticed a phantom
  3005 | D:4      | Killed a phantom
  3006 | D:4      | Reached skill level 1 in Spellcasting
  3006 | D:4      | Reached skill level 1 in Air Magic
  3006 | D:4      | Reached XP level 6. HP: 32/43 MP: 7/7
  3409 | D:5      | Entered Level 5 of the Dungeon
  3493 | D:5      | Reached skill level 4 in Fighting
  3585 | D:5      | Reached *** piety under Makhleb
  3734 | D:5      | Reached XP level 7. HP: 42/49 MP: 9/9
  3842 | D:5      | Found Rockont's Tremendous Tomes.
  4263 | D:5      | Found a shimmering blue altar of Sif Muna.
  4392 | D:5      | Learned a level 3 spell: Call Canine Familiar
  4450 | D:6      | Found a hazy altar of Hepliaklqana.
  4535 | D:6      | Found Gahuen's Weapon Shoppe.
  4542 | D:6      | Noticed Menkaure
  4550 | D:6      | Killed Menkaure
  4551 | D:6      | Reached skill level 5 in Fighting
  4551 | D:6      | Reached XP level 8. HP: 39/55 MP: 11/11
  4884 | D:6      | Noticed Maggie
  4952 | D:6      | Noticed a smoke demon
  4955 | D:6      | Killed by an exploding howler monkey... ignited by their
                  | inner flame

Illustrated notes

Levels and vault maps discovered:
D:1:      sevenhm_arrival_forest_fort_large_4, layout_basic,
          shapermc_ecumenical_altar_petra
D:2:      layout_loops_ring, basic_altar
D:3:      layout_basic, nicolae_overflow_ecumenical_swirl, minmay_door_square
D:4:      kennysheep_goblin_castle, layout_cave_pods,
          cheibrodos_ashenzari_chains, glass_columns_a, minivault_11,
          uniq_edmund
D:5:      layout_basic, tgw_sif, nicolae_shop_i_like_big_books,
          kennysheep_cross_room
D:6:      layout_cave_pools, nicolae_hepliaklqana_hippocampus,
          minmay_temple_entry_drinking_statues, serial_shops,
          nicolae_shop_temple_entry_statues_fountains,
          amcnicky_mini_corridor_feature, hangedman_decor_points, uniq_maggie,
          uniq_menkaure

Skill      XL: |  1  2  3  4  5  6  7  8 |
---------------+-------------------------+-----
Short Blades   | 2 3 |  3.3
Invocations    | 1 2 3 |  3.0
Poison Magic   | 1 2 3 |  3.0
Conjurations   | 1 2 3 |  3.0
Spellcasting   | 1 2 |  2.8
Air Magic      | 1 2 3 |  3.0
Fighting       | 4 5 |  5.9
Long Blades    | |  3.2
Dodging        | |  3.0
Stealth        | |  2.6

Action                   |  1- 3 |  4- 6 |  7- 9 || total
-------------------------+-------+-------+-------++-------
Melee: Falchion          |     5 |       |       ||     5
       Rapier            |    34 |    49 |    36 ||   119
       Constrict         |     8 |    13 |    12 ||    33
       Tentacles         |     4 |    13 |     8 ||    25
       Dagger            |       |     5 |       ||     5
       Punch             |       |       |     1 ||     1
Throw: Dart              |       |     2 |       ||     2
       Stone             |       |     1 |     1 ||     2
Invok: Minor Destruction |       |     6 |    14 ||    20
       Lesser Servant of |       |       |     3 ||     3
  Use: Scroll            |       |     3 |     6 ||     9
       Potion            |       |     2 |       ||     2
 Stab: Sleeping          |     9 |     1 |     2 ||    12
Armor: Skin              |     1 |     8 |       ||     9
Dodge: Dodged            |    16 |    14 |    22 ||    52

Table legend: (Time is in decaauts)
 A = Elapsed time spent in this place.
 B = Non-inter-level travel time spent in this place.
 C = Inter-level travel time spent in this place.
 D = Time resting spent in this place.
 E = Time spent auto-exploring this place.
 F = Levels seen in this place.
 G = Mean time per level.
                   A        B        C        D        E       F      G
               +--------+--------+--------+--------+--------+-----+--------+
         Total |   4953 |   4818 |    135 |    946 |   3088 |   6 |  825.5 |
       Dungeon |   4953 |   4818 |    135 |    946 |   3088 |   6 |  825.5 |
               +--------+--------+--------+--------+--------+-----+--------+

Top non-repeatable levels by time:
     D:3: 986 daAuts
     D:5: 983 daAuts
     D:4: 864 daAuts
     D:2: 783 daAuts
     D:1: 774 daAuts
     D:6: 561 daAuts
